 Dungeon Crawl Stone Soup version 0.14.2 (webtiles) character file.

546 Amnesiac the Charlatan (level 6, 0/30 HPs)
             Began as a Spriggan Artificer on Feb 10, 2018.
             Killed by nerve-wracking pain
             ... invoked by an orc priest
              (5 damage)
             ... on Level 4 of the Dungeon.
             The game lasted 00:05:57 (2799 turns).

Amnesiac the Charlatan (Spriggan Artificer)         Turns: 2799, Time: 00:05:57

HP   0/30        AC  3     Str  9      XL: 6   Next: 43%
MP  18/18        EV 20     Int 14      God:
Gold 173         SH  0     Dex 17      Spells:  0 memorised,  5 levels left

rFire  . . .     SeeInvis +     f - +2,+3 cutlass (venom)
rCold  . . .     Clarity  .     e - +1 robe
rNeg   . . .     Conserve .     (shield restricted)
rPois  .         rCorr    .     (helmet restricted)
rElec  .         rRot     .     (no cloak)
SustAb . .       Spirit   .     (gloves unavailable)
rMut   .         Warding  .     (boots unavailable)
Saprov . . .     Stasis   .     (no amulet)
MR     +....                    l - +1 ring of intelligence
                                h - ring of regeneration

@: lethally poisoned, very quick, somewhat resistant to hostile enchantments,
fairly stealthy
A: unfitting armour, see invisible, herbivore 3, speed 3, slow metabolism 2
a: no special abilities


You were on level 4 of the Dungeon.
You were very full.

You visited 1 branch of the dungeon, and saw 4 of its levels.

You collected 173 gold pieces.

Inventory:

Hand weapons
 f - a +2,+3 cutlass of venom (weapon)
 u - a +2,+1 quarterstaff of protection
Missiles
 x - 18 poisoned needles
Armour
 e - a +1 robe (worn)
Magical devices
 a - a wand of random effects (7)
 b - a wand of flame (11)
 c - a wand of enslavement (15)
 d - a wand of random effects (14)
 m - a wand of invisibility (9)
Comestibles
 B - a bread ration
Scrolls
 n - 2 scrolls of recharging {!r}
 p - a scroll of fear {!r}
 r - a scroll of enchant armour {!r}
 v - a scroll of fog {!r}
 y - a scroll of remove curse {!r}
Jewellery
 h - a ring of regeneration (left hand)
 l - a +1 ring of intelligence (right hand)
Potions
 i - a potion of brilliance {!q, unknown}
 j - 2 potions of magic {!q, unknown}
 k - 3 potions of restore abilities {!q, unknown}
 o - 2 potions of might {!q, unknown}
 q - 2 potions of confusion {!q, unknown}
 t - a potion of curing {!q}
 w - a potion of berserk rage {!q}
 z - a potion of heal wounds {!q}


   Skills:
 - Level 1.0 Fighting
 - Level 2.0 Short Blades
 - Level 3.0 Staves
 + Level 5.0 Dodging
 - Level 1.5 Stealth
 * Level 6.6 Evocations


You had 5 spell levels left.
You didn't know any spells.

Dungeon Overview and Level Annotations

Branches:
Dungeon (4/15)
 Temple: D:4-7

Altars:


Innate Abilities, Weirdness & Mutations

You are tiny and cannot use many weapons and most armour.
You have supernaturally acute eyesight.
You are a herbivore.
You cover ground extremely quickly.
You need consume almost no food.


Message History

Found 11 gold pieces.
A worker ant is nearby!
A worker ant is nearby!
You hit the worker ant but do no damage.
The worker ant is poisoned.
The worker ant closely misses you. The worker ant completely misses you.
You hit the worker ant.
The worker ant is heavily wounded.
The worker ant completely misses you.
You hit the worker ant.
The worker ant looks even sicker.
The worker ant is almost dead.
You kill the worker ant!
No target in view!
No target in view!
You see here a worker ant corpse.
Found 26 arrows.
No target in view!
You now have 173 gold pieces (gained 11).
A worker ant comes into view.
The worker ant twitches its antennae in your direction.
The worker ant closely misses you.
A worker ant is nearby!
You closely miss the worker ant. The worker ant bites you.
You are poisoned.
The worker ant poisons you!
A worker ant is nearby!
You barely miss the worker ant.
You feel sick. The worker ant closely misses you.
You closely miss the worker ant.
You feel sick. The worker ant bites you. The worker ant closely misses you.
You hit the worker ant.
The worker ant is poisoned.
The worker ant is lightly wounded.
You feel sick. The worker ant misses you.
You hit the worker ant.
The worker ant looks even sicker.
The worker ant is heavily wounded.
The worker ant completely misses you.
You hit the worker ant but do no damage.
The worker ant is almost dead.
You feel sick.
You kill the worker ant!
Your Dodging skill increases to level 5!
You start resting.
You feel sick. x4
An orc priest is nearby!
An orc priest is nearby!
The orc priest shouts!
You closely miss the orc priest. The orc priest closely misses you.
You hit the orc priest.
The orc priest is poisoned.
The orc priest is heavily wounded.
You feel sick.
The orc priest calls down the wrath of Beogh upon you.
Pain shoots through your body! The orc priest completely misses you.
You barely miss the orc priest.
The orc priest is heavily wounded.
The orc priest completely misses you.
You hit the orc priest but do no damage.
The orc priest looks even sicker.
The orc priest is heavily wounded.
The orc priest mumbles some strange prayers to Beogh against you.
Something smites you!
* * * LOW HITPOINT WARNING * * *
The orc priest invokes the aid of Beogh against you.
Pain shoots through your body!
You die...

*,,,,,,,,,,,,,****,******,*...,,
*********,,.,,,,##.*******,*#...
*,...,,,..,,,,,,**,*#...
*,,..,,...,,,**,**,*#...
***,..*#o#,#.#*,**,*#.**
*,,.##.#,#.#*,**,**,*
*,,,...#.#.#*,,,,,,,*
****###,**#oo#.#.#****,****
*,,,,...* #@...#.# #.#####
*,****#.###..###.### #......
**,** #......#.....# #######
**,*,** ###.##.#.#.#.######
**,***,** #%##......%.....#
**,** **,***#.##.#.#.#.####.#
*,** **,,,.....(.....# #.####
**,** **,***##.>.####### #.>...
**,***,** ###.# ######


You could see 2 orc priests and an orc.

Vanquished Creatures
  A jelly (D:4)
  2 hounds
  3 worker ants (D:4)
  Ijyb (D:2)
  Terence (D:2)
  10 adders
  3 gnolls (D:2)
  A giant mite (D:3)
  A worm (D:2)
  4 giant geckos
  An orc (D:3)
  A bat skeleton (D:4)
  3 giant cockroaches
  4 hobgoblins
  A quokka (D:3)
  6 bats
  3 giant newts
  5 goblins
  A goblin skeleton (D:4)
  5 kobolds
  5 rats
62 creatures vanquished.

Notes
Turn   | Place    | Note
--------------------------------------------------------------
     0 | D:1      | Amnesiac, the Spriggan Artificer, began the quest for the Orb.
     0 | D:1      | Reached XP level 1. HP: 9/9 MP: 2/2
    36 | D:1      | Reached skill level 1 in Fighting
    81 | D:2      | Reached XP level 2. HP: 12/14 MP: 5/5
   302 | D:2      | Noticed Terence
   365 | D:2      | Reached skill level 5 in Evocations
   365 | D:2      | Reached XP level 3. HP: 14/18 MP: 8/8
   407 | D:2      | Noticed Ijyb
   460 | D:2      | Killed Ijyb
   698 | D:2      | Reached XP level 4. HP: 11/22 MP: 11/11
   952 | D:2      | Reached skill level 1 in Staves
  1108 | D:2      | Killed Terence
  1108 | D:2      | Reached XP level 5. HP: 22/25 MP: 14/14
  1618 | D:3      | Reached skill level 6 in Evocations
  2558 | D:4      | Reached XP level 6. HP: 26/30 MP: 18/18
  2780 | D:4      | Reached skill level 5 in Dodging
  2799 | D:4      | Killed from afar by an orc priest

Action                   |  1- 3 |  4- 6 || total
-------------------------+-------+-------++-------
Melee: Short sword       |   159 |    21 ||   180
       Quarterstaff      |       |   169 ||   169
       Cutlass           |       |    13 ||    13
Evoke: Wand              |     3 |     3 ||     6
  Use: Potion            |       |     1 ||     1
       Scroll            |       |     9 ||     9
 Stab: Sleeping          |     2 |     5 ||     7
